 Dungeon Crawl Stone Soup version 0.29.1-15-g9cfb28693d (webtiles) character file.

Game seed: 13243369266945560787

968 Descartes the Ducker (level 7, 0/32 HPs)
             Began as a Spriggan Fire Elementalist on Mar 18, 2023.
             Slain by a gnoll sergeant
             ... wielding a +0 trident
              (6 damage)
             ... on level 5 of the Dungeon.
             The game lasted 00:09:17 (5890 turns).

Descartes the Ducker (Spriggan Fire Elementalist)   Turns: 5890, Time: 00:09:17

Health: 0/32       AC:  8    Str:  4    XL:     7   Next: 93%
Magic:  10/15      EV: 18    Int: 18    God:
Gold:   302        SH:  0    Dex: 16    Spells: 15/16 levels left

rFire   . . .      SeeInvis +   u - +3 quarterstaff (chaos)
rCold   . . .      Faith    .   (shield currently unavailable)
rNeg    . . .      Spirit   .   a - +1 troll leather armour {Pargi}
rPois   .          Reflect  .   p - +2 hat
rElec   .          Harm     .   v - +0 cloak
rCorr   .          Rampage  .   (gloves unavailable)
Will    +....                   (boots unavailable)
Stlth   ++........              q - amulet of regeneration
HPRegen 1.70/turn               (no ring)
MPRegen 0.14/turn               (no ring)

@: very quick
A: very small, no large weapons, unfitting armour, see invisible, speed 3
a: no special abilities


You were on level 5 of the Dungeon.
You visited 2 branches of the dungeon, and saw 6 of its levels.
You also visited: Sewer.

You collected 302 gold pieces.

Inventory:

Hand Weapons
 i - a +0 dagger of venom
 u - a +3 quarterstaff of chaos (weapon)
 C - a +1 sling of flaming
Missiles
 j - 8 boomerangs
 n - 2 poisoned darts
Armour
 a - a +1 troll leather armour (worn) {Pargi}
 p - a +2 hat (worn)
 v - a +0 cloak (worn)
 w - a +2 robe of cold resistance
Magical Staves
 l - a staff of air
Jewellery
 q - an amulet of regeneration (around neck)
 A - a ring of magical power
Wands
 o - a wand of flame (41)
 y - a wand of polymorph (5)
Scrolls
 c - a scroll of teleportation
 e - a scroll of vulnerability
 f - a scroll of torment
 h - a scroll of immolation
 x - a scroll of enchant armour
 z - a scroll of magic mapping {unknown}
 D - a scroll of acquirement {unknown}
Potions
 b - a potion of magic
 d - 2 potions of curing {unknown}
 g - 3 potions of brilliance {unknown}
 k - a potion of haste
 m - a potion of lignification {unknown}
 r - a potion of heal wounds
 s - a potion of might
 t - 2 potions of degeneration {unknown}
 B - a potion of berserk rage {unknown}


   Skills:
 + Level 5.4 Dodging
 - Level 3.0 Stealth
 + Level 5.1 Spellcasting
 + Level 2.7 Conjurations
 + Level 3.8 Fire Magic
 + Level 3.5 Poison Magic
 + Level 4.5 Evocations


You had 15 spell levels left.
You knew the following spells:

 Your Spells              Type           Power      Damage    Failure   Level
a - Foxfire               Conj/Fire      64%        2x1d7     6%          1

Your spell library contained the following spells:

 Spells                   Type           Power      Damage    Failure   Level
 Scorch                   Fire           36%        2d7       7%          2
 Conjure Flame            Conj/Fire      16%        6-21      19%         3
 Freeze                   Ice            16%        1d4       24%         1
 Inner Flame              Hex/Fire       11%        N/A       32%         3
 Flame Wave               Conj/Fire      16%        2d7       52%         4
 Frozen Ramparts          Ice            8%         1d2       56%         3
 Hailstorm                Conj/Ice       9%         3d4       78%         4


Dungeon Overview and Level Annotations

Branches:
Dungeon (5/15)             Temple (1/1) D:4           Sewer (visited)

Altars:
Ashenzari
Dithmenos
Elyvilon
Hepliaklqana
Kikubaaqudgha
Makhleb
Okawaru
Qazlal
Ru
Sif Muna
Trog
Uskayaw
Vehumet
Xom
Yredelemnul
Zin
The Shining One

Shops:
D:1 !


Innate Abilities, Weirdness & Mutations

You are very small and have problems with some larger weapons.
You are too small for most types of armour.
You have supernaturally acute eyesight. (SInv)
You cover ground extremely quickly. (Speed+++)


Message History

Casting: Foxfire (safe; 6% risk of failure)
Confirm with . or Enter, or press ? or * to list all spells.
You conjure some foxfire!
The gnoll closely misses you.
The gnoll sergeant hits you from afar with a +0 trident!
Unknown command.
Casting: Foxfire (safe; 6% risk of failure)
Confirm with . or Enter, or press ? or * to list all spells.
You conjure some foxfire!
The foxfire hits the gnoll sergeant but does no damage.
The foxfire hits the gnoll!
The gnoll is heavily wounded.
The gnoll completely misses you.
The foxfire hits the gnoll.
The gnoll is moderately wounded.
The gnoll completely misses you.
The gnoll sergeant hits you from afar with a +0 trident!
Casting: Foxfire (safe; 6% risk of failure)
Confirm with . or Enter, or press ? or * to list all spells.
You conjure some foxfire!
The foxfire hits the gnoll but does no damage.
The gnoll is moderately wounded.
The gnoll hits you from afar with a +0 halberd.
The gnoll barely misses you. The gnoll sergeant closely misses you.
Casting: Foxfire (safe; 6% risk of failure)
Confirm with . or Enter, or press ? or * to list all spells.
You conjure some foxfire!
The foxfire hits the gnoll sergeant but does no damage.
The gnoll misses you. The gnoll hits you with a +0 club. The gnoll misses you.
The foxfire hits the gnoll.
The gnoll is moderately wounded.
The gnoll sergeant hits you from afar with a +0 trident.
* * * LOW HITPOINT WARNING * * *
Casting: Foxfire (safe; 6% risk of failure)
Confirm with . or Enter, or press ? or * to list all spells.
You conjure some foxfire!
The foxfire hits the gnoll.
The gnoll is severely wounded.
The foxfire hits the gnoll.
The gnoll is heavily wounded.
The gnoll completely misses you.
The gnoll sergeant hits you from afar with a +0 trident.
You die...

.##..##.# .# .##)###.#
##.....## .# .##.##..#
##(...$..## ..
........####.........#
..
##.........+.........+
#.......####........[#
#......## #.g.g...#
#.....##


#gvgv.# ##...## #g@.# ##.## ##'## ##.## #.# ##...## #.# #.#.#.## ##.#######
.##.##.## ##.>....... ###.###.######.....##### # #...........#....#
#######.#####......# You could see a gnoll sergeant (ally target) and 4 gnolls.

Vanquished Creatures
  Menkaure (D:4)
  Edmund (D:4)
  Pargi (Sewer)
  3 ogres
  Blork the orc (D:4)
  A scorpion (D:4)
  Crazy Yiuf (D:3)
  Jessica (D:2)
  An orc wizard (D:4)
  Robin (D:4)
  3 gnolls (D:4)
  3 adders
  2 river rats (D:4)
  3 dart slugs
  10 orcs
  13 bats
  5 endoplasms
  2 giant cockroaches
  7 goblins (D:4)
  12 hobgoblins
  2 quokkas
  5 ball pythons
  2 frilled lizards (D:1)
  3 kobolds
  4 rats
  A spectral orc (D:3)
89 creatures vanquished.

Vanquished Creatures (others)
  535 foxfires
535 creatures vanquished.

Grand Total: 624 creatures vanquished

Notes
Turn   | Place    | Note
-------+----------+-------------------------------------------
     0 | D:1      | Descartes the Spriggan Fire Elementalist began the quest
                  | for the Orb.
     0 | D:1      | Reached XP level 1. HP: 9/9 MP: 5/5
   344 | D:1      | Found a faded altar of an unknown god.
   447 | D:1      | Found Saubuv's Distillery.
   452 | D:1      | Reached XP level 2. HP: 13/13 MP: 3/6
   776 | D:1      | Reached skill level 1 in Evocations
  1158 | D:2      | Noticed Jessica
  1162 | D:2      | Killed Jessica
  1163 | D:2      | Reached skill level 1 in Conjurations
  1163 | D:2      | Reached skill level 1 in Poison Magic
  1163 | D:2      | Reached XP level 3. HP: 16/16 MP: 3/8
  1417 | D:2      | Found a broken altar of Ashenzari.
  1897 | D:3      | Found an iron altar of Okawaru.
  2154 | D:3      | Found a basalt altar of Yredelemnul.
  2375 | D:3      | Found a runed translucent door.
  2376 | D:3      | Noticed Crazy Yiuf
  2413 | D:3      | Killed Crazy Yiuf
  2414 | D:3      | Reached XP level 4. HP: 21/21 MP: 2/10
  2567 | D:4      | Noticed Blork the orc
  2575 | D:4      | Killed Blork the orc
  2576 | D:4      | Reached XP level 5. HP: 14/24 MP: 2/11
  2855 | D:4      | Found a glowing drain.
  2864 | Sewer    | Entered a sewer
  3051 | Sewer    | Noticed Pargi
  3091 | Sewer    | Killed Pargi
  3092 | Sewer    | Reached XP level 6. HP: 28/28 MP: 1/13
  3409 | D:4      | Found a staircase to the Ecumenical Temple.
  3467 | Temple   | Entered the Ecumenical Temple
  3467 | Temple   | Found a transporter.
  3467 | Temple   | Found a transporter.
  3469 | Temple   | Found a transporter.
  3469 | Temple   | Found a transporter.
  3517 | D:4      | Found a radiant altar of Vehumet.
  3820 | D:4      | Noticed Menkaure
  3827 | D:4      | Killed Menkaure
  3828 | D:4      | Reached XP level 7. HP: 32/32 MP: 9/14
  4371 | D:4      | Noticed Robin
  4402 | D:4      | Killed Robin
  4403 | D:4      | Reached skill level 5 in Dodging
  4911 | D:4      | Noticed Edmund
  5299 | D:4      | Killed Edmund
  5647 | D:5      | Entered Level 5 of the Dungeon
  5674 | D:5      | Reached skill level 5 in Spellcasting
  5890 | D:5      | Slain by a gnoll sergeant

Illustrated notes

Levels and vault maps discovered:
D:1:      dpeg_arrival_signposts, layout_rooms,
          shapermc_ecumenical_altar_mp_ritualfount, serial_shops, shop,
          amcnicky_mini_rare_corridor_liquid
D:2:      layout_rooms, basic_altar, uniq_jessica
D:3:      layout_rooms, okawaru_trees_2, yredelemnul_forgotten_temple_becter,
          uniq_crazy_yiuf_cottage
D:4:      layout_layer_cave, vehumet_altar_wand_db,
          minmay_temple_entry_butterflies, portal_sewer_entry_b, hex_large,
          uniq_robin, uniq_edmund, uniq_menkaure, uniq_blork_the_orc
D:5:      layout_loops_corners
Temple:   hellmonk_temple_divided_pantheon

Skill      XL: |  1  2  3  4  5  6  7 |
---------------+----------------------+-----
Spellcasting   | 3 4 5 |  5.1
Evocations     | 1 2 3 4 |  4.5
Dodging        | 3 4 5 |  5.4
Conjurations   | 1 2 |  2.7
Poison Magic   | 1 2 3 |  3.5
Fire Magic     | 3 |  3.8
Stealth        | |  3.0

Action                   |  1- 3 |  4- 6 |  7- 9 || total
-------------------------+-------+-------+-------++-------
Melee: Dagger            |     1 |       |       ||     1
       Quarterstaff      |       |     2 |     2 ||     4
 Cast: Foxfire           |    71 |   113 |   126 ||   310
  Use: Scroll            |       |     5 |     3 ||     8
Armor: Robe              |     3 |     2 |       ||     5
       Troll leather arm |       |     4 |     3 ||     7
Dodge: Dodged            |    11 |    20 |    31 ||    62
